AoeStats
← Afterchabon

Arena

509695228Analyzed
4v4 RM · 5d ago on Sep 27, 2026· 40m 57s· 8 players
Game mode
Random Map
Map size
Large (8 player)
Population
200
Speed
Normal
Resources
Standard
Victory
Conquest
Starting age
Dark Age
Ending age
Imperial Age
RankedLock teamsTeams togetherTeam positionsShared explorationLock speedFull tech treeHidden civsTurbo modeCheats
Victory
Defeat
🇦🇷 Huns · Argentina
996
+14
🇦🇷 Turks · Argentina
953
+15
🇦🇷 Bohemians · Argentina
952
+15
🇲🇽 Vietnamese · Mexico
837
+21
🇮🇩 Turks · Indonesia
1006
-19
🇪🇸 Spanish · Spain
974
-18
🇨🇭 Franks · Switzerland
906
-15
🇵🇱 Celts · Poland
872
-13
Afterchabon
10:23 Feudal Age
14:12 Castle Age
14:11 Double-Bit Axe
19:41 Horse Collar
21:17 Bow Saw
23:45 Wheelbarrow
23:41 Bloodlines
24:53 Heavy Plow
27:06 Husbandry
27:17 Scale Barding Armor
27:25 Forging
30:09 Imperial Age
28:00 Marauders
30:40 Iron Casting
30:28 Chain Barding Armor
31:09 Hand Cart
31:26 Gold Mining
31:28 Stone Mining
31:20 Elite Tarkan
32:47 Loom
34:47 Gold Shaft Mining
40:20 Blast Furnace
40:23 Plate Barding Armor
Boxitracio
10:37 Feudal Age
11:18 Double-Bit Axe
15:19 Castle Age
14:34 Loom
17:03 Horse Collar
23:20 Bow Saw
25:34 Heavy Plow
25:14 Pikeman
27:32 Fervor
28:43 Wheelbarrow
33:49 Imperial Age
34:52 Chemistry
33:55 Padded Archer Armor
34:25 Hand Cart
37:41 Halberdier
38:46 Scale Mail Armor
Pornelius Hubert
9:37 Feudal Age
9:04 Loom
10:57 Double-Bit Axe
10:58 Horse Collar
19:42 Castle Age
20:51 Wheelbarrow
23:30 Bow Saw
26:44 Fletching
27:23 Hand Cart
28:03 Heavy Plow
32:33 Imperial Age
36:38 Treadmill Crane
39:17 Gold Mining
39:17 Stone Mining
totielrey9843
11:59 Feudal Age
12:26 Double-Bit Axe
12:23 Horse Collar
16:00 Fletching
16:30 Padded Archer Armor
21:38 Castle Age
23:55 Bow Saw
23:47 Heavy Plow
25:03 Elite Skirmisher
26:05 Leather Archer Armor
25:45 Bodkin Arrow
37:23 Chatras
40:14 Imperial Age
38:42 Wheelbarrow
SGTSanju
12:54 Feudal Age
16:55 Castle Age
15:36 Wheelbarrow
15:30 Double-Bit Axe
16:24 Horse Collar
16:37 Gold Mining
19:40 Bloodlines
19:57 Bow Saw
27:22 Husbandry
28:12 Hand Cart
28:41 Caravan
29:24 Stone Mining
34:21 Imperial Age
33:09 Forging
33:04 Scale Barding Armor
35:07 Iron Casting
34:32 Scale Mail Armor
35:17 Cavalier
37:33 Paladin
malolepszy.adrian
11:03 Feudal Age
12:26 Wheelbarrow
11:33 Horse Collar
11:42 Double-Bit Axe
17:54 Castle Age
17:01 Stone Mining
19:12 Stone Shaft Mining
19:20 Town Watch
19:51 Fletching
21:08 Bow Saw
25:52 Hand Cart
26:03 Heavy Plow
33:12 Imperial Age
32:40 Gold Mining
35:01 Gold Shaft Mining
35:21 Forging
39:43 Iron Casting
Internet User
2:39 Loom
11:00 Feudal Age
16:57 Castle Age
18:36 Husbandry
24:05 Wheelbarrow
26:12 Forging
26:08 Scale Barding Armor
26:30 Hand Cart
26:16 Light Cavalry
28:42 Gold Mining
29:31 Iron Casting
29:19 Chain Barding Armor
31:45 Imperial Age
32:15 Cavalier
35:55 Gold Shaft Mining
38:09 Paladin
DekaJe
0:31 Loom
10:43 Feudal Age
15:28 Castle Age
14:08 Horse Collar
19:25 Double-Bit Axe
23:18 Fletching
24:07 Bodkin Arrow
24:57 Forging
25:19 Man-at-Arms
26:01 Squires
26:37 Long Swordsman
28:04 Scale Mail Armor
28:53 Iron Casting
29:45 Chain Mail Armor
30:28 Padded Archer Armor
30:39 Scale Barding Armor
34:34 Sipahi
36:59 Imperial Age
37:11 Sipahi
40:48 Bow Saw
41:01 Leather Archer Armor
Connection lost

Rejoining the realm…

Still unreachable

The connection could not be restored.

Session expired

The server has moved on; the page needs a fresh start.